Canadiens vs Predators

Created - 5 novembre 2017 at 17:51

Goals
1 2 3 T
Canadiens 1 1 1 3
Predators 1 2 1 4
Shots
1 2 3 T
Canadiens 7 16 16 39
Predators 16 10 6 32

1st period

1. Predators , Steven Stamkos 6 (Max Pacioretty 10, Oscar Klefbom 3) at 0:40
2. Canadiens , Jordan Eberle 5 (Auston Matthews 10, Cam Fowler 10) at 7:35

Penalties :
No Penalty

2nd period

3. Predators , Vincent Trocheck 1 (Roman Josi 10) at 0:06
4. Canadiens , Mike Ribeiro 3 (Cam Fowler 11) at 12:31
5. Predators , Oscar Klefbom 3 (Jaden Schwartz 7, Steven Stamkos 6) at 17:59 (PP)

Penalties :
Elias Lindholm (NSH) for Holding (Minor) at 10:24, Connor Murphy (NSH) for Tripping (Minor) at 13:01, Adam Larsson (MTL) for High sticking (Minor) at 16:59

3rd period

6. Canadiens , Artturi Lehkonen 2 (Mike Ribeiro 5) at 1:54
7. Predators , Max Pacioretty 6 (Steven Stamkos 7) at 2:18

Penalties :
Max Pacioretty (NSH) for Tripping (Minor) at 8:54

Goalie Stats

Cam Talbot (MTL), 28 saves from 32 shots - (0.875), L, 9-3-0, 58:40 minutes
Calvin Pickard (NSH), 36 saves from 39 shots - (0.923), W, 2-2-0, 60:00 minutes

Players Stats for Canadiens

Player Name              G  A  P  +/- PIM S  H  SB GA TA FO     MP     PP MP  PK MP  
------------------------------------------------------------------------------------
Adam Larsson             0  0  0   1  2   3  4  3  0  0  0/0    21:39   3:16   0:00 
Artturi Lehkonen         1  0  1   2  0   4  1  0  0  0  0/1    11:35   1:00   0:00 
Auston Matthews          0  1  1   0  0   2  0  0  0  0  5/17   20:19   2:59   0:00 
Brayden McNabb           0  0  0   1  0   0  2  1  0  0  0/0    13:58   0:00   0:28 
Cam Fowler               0  2  2   1  0   2  0  3  0  0  0/0    21:39   2:41   0:28 
Gustav Nyquist           0  0  0  -2  0   4  3  0  0  0  0/0    22:08   3:59   0:00 
Ian Cole                 0  0  0  -2  0   0  8  0  0  0  0/0    21:16   0:00   0:32 
Ivan Provorov            0  0  0  -2  0   2  0  1  0  0  0/0    24:22   2:41   0:32 
Jakob Silfverberg        0  0  0   0  0   3  0  0  0  0  0/1    19:02   1:58   0:00 
John Tavares             0  0  0  -2  0   4  1  0  0  0  16/35  22:40   3:59   0:00 
Jordan Eberle            1  0  1   0  0   4  0  0  0  0  2/3    19:18   1:58   0:00 
Josh Bailey              0  0  0   2  0   2  1  0  0  0  0/0    11:35   0:00   1:00 
Justin Abdelkader        0  0  0   0  0   0  0  0  0  0  0/0     6:59   0:00   0:00 
Mike Ribeiro             1  1  2   2  0   3  0  0  0  0  10/24  12:36   1:58   0:00 
Nate Schmidt             0  0  0   1  0   1  0  0  0  0  0/0    16:46   3:16   0:00 
Nick Shore               0  0  0   0  0   1  0  0  0  0  1/6     6:59   0:00   0:00 
Teuvo Teravainen         0  0  0  -2  0   2  0  0  0  0  0/0    18:09   0:00   0:00 
Zack Smith               0  0  0   0  0   2  0  0  0  0  3/6     7:59   0:00   1:00 

Players Stats for Predators

Player Name              G  A  P  +/- PIM S  H  SB GA TA FO     MP     PP MP  PK MP  
------------------------------------------------------------------------------------
Anthony Duclair          0  0  0   0  0   1  0  0  0  0  0/1     7:49   0:00   0:00 
Anton Slepyshev          0  0  0   0  0   1  2  0  0  0  1/1     8:35   0:00   0:18 
Chris Kelly              0  0  0   0  0   0  1  0  0  0  7/13    8:38   0:00   0:49 
Colton Sissons           0  0  0   0  0   0  1  0  0  0  2/3    12:46   0:00   0:00 
Connor Murphy            0  0  0   0  2   0  4  1  0  0  0/0    19:32   0:28   1:13 
Elias Lindholm           0  0  0   0  2   3  0  0  0  0  12/15  13:13   0:00   0:00 
J.T. Miller              0  0  0  -2  0   3  1  0  0  0  1/1    15:54   0:28   0:00 
Jaden Schwartz           0  1  1   0  0   3  2  0  0  0  4/10   16:44   0:28   3:30 
John Moore               0  0  0  -1  0   2  1  0  0  0  0/0    16:11   0:00   3:35 
Jordie Benn              0  0  0  -1  0   1  0  0  0  0  0/0    13:45   0:00   1:09 
Kevin Hayes              0  0  0   2  0   1  0  1  0  0  1/2    17:06   0:32   0:00 
Max Pacioretty           1  1  2   2  2   5  1  0  0  0  1/2    18:09   0:32   1:04 
Nick Leddy               0  0  0   1  0   0  0  4  0  0  0/0    23:42   0:32   2:42 
Oscar Klefbom            1  1  2   0  0   1  2  1  0  0  0/0    20:27   0:28   0:00 
Roman Josi               0  1  1   1  0   1  1  1  0  0  0/0    26:22   0:32   3:15 
Steven Stamkos           1  2  3   2  0   7  0  0  0  0  14/24  21:27   0:28   4:25 
Vincent Trocheck         1  0  1  -2  0   2  1  0  0  0  12/20  18:14   0:32   1:48 
Vladislav Namestnikov    0  0  0  -2  0   1  0  0  0  0  1/1    15:26   0:00   0:00 

3 Stars

1 - Steven Stamkos (NSH)
2 - Mike Ribeiro (MTL)
3 - Oscar Klefbom (NSH)

Power Play

Canadiens - 0 on 3 Attempt(s) - 0.00%
Predators - 1 on 1 Attempt(s) - 100.00%

Penalty Kill

Canadiens - 0 on 1 Attempt(s) - 0.00% - Score 0 goal in Penalty Kill
Predators - 3 on 3 Attempt(s) - 100.00% - Score 0 goal in Penalty Kill

Team Stat

Canadiens - Hits : 20 - Faceoff Wins : 37 - Blocked Shots : 8 - Penalty Minutes : 2
Predators - Hits : 17 - Faceoff Wins : 56 - Blocked Shots : 8 - Penalty Minutes : 6

Official

Referees : Brian Pochmara and Chris Lee
Linesman : Matt MacPherson and Pierre Racicot

Game Notes

No Game Note

Finance

Level 1 -- Attendance: 6197 (95.34%) -- Ticket Income 619 700 $
Level 2 -- Attendance: 4939 (98.78%) -- Ticket Income 380 303 $
Level 3 -- Attendance: 3063 (87.51%) -- Ticket Income 177 654 $
Level 4 -- Attendance: 1113 (100.00%) -- Ticket Income 46 746 $
Luxury Box -- Attendance: 987 (98.70%) -- Ticket Income 182 595 $
Game was played at the Bridgestone Arena.
Total Attendance: 16299 (95.24%)
Total Ticket Income: 1 406 998 $
Other Income: 211 050 $
Total Income: 1 618 048 $

% Time on Ice - Canadiens

Lines # - Real PCT - Wanted PCT - Time Play
Normal Forward
1 - 34% - 35% - 18:09
2 - 32% - 35% - 17:04
3 - 20% - 20% - 10:35
4 - 13% - 10% - 6:59
Normal Defense
1 - 34% - 35% - 18:08
2 - 29% - 30% - 15:11
3 - 26% - 20% - 13:30
4 - 11% - 15% - 5:58
PP Forward
1 - 67% - 60% - 3:59
2 - 33% - 40% - 1:58
PP Defense
1 - 45% - 50% - 2:41
2 - 55% - 50% - 3:16
PK Forward
1 - 100% - 55% - 1:00
2 - 0% - 45% - 0:00
PK Defense
1 - 47% - 60% - 0:28
2 - 53% - 40% - 0:32
PK3 Forward
1 - 0% - 60%
2 - 0% - 40%
PK3 Defense
1 - 0% - 60%
2 - 0% - 40%
44 Forward
1 - 0% - 50%
2 - 0% - 50%
44 Defense
1 - 0% - 50%
2 - 0% - 50%
Last Minute Offensive  - 0:16
Last Minute Defensive  - 0:00
Total
Forward - 60:00
Defense - 60:00

% Time on Ice - Predators

Lines # - Real PCT - Wanted PCT - Time Play
Normal Forward
1 - 32% - 34% - 16:34
2 - 29% - 30% - 15:26
3 - 24% - 24% - 12:46
4 - 15% - 12% - 7:49
Normal Defense
1 - 37% - 38% - 19:31
2 - 33% - 33% - 17:24
3 - 24% - 19% - 12:36
4 - 6% - 10% - 3:04
PP Forward
1 - 53% - 60% - 0:32
2 - 47% - 40% - 0:28
PP Defense
1 - 53% - 60% - 0:32
2 - 47% - 40% - 0:28
PK Forward
1 - 70% - 60% - 4:09
2 - 30% - 40% - 1:48
PK Defense
1 - 60% - 60% - 3:33
2 - 40% - 40% - 2:24
PK3 Forward
1 - 0% - 60%
2 - 0% - 40%
PK3 Defense
1 - 0% - 60%
2 - 0% - 40%
44 Forward
1 - 0% - 60%
2 - 0% - 40%
44 Defense
1 - 0% - 60%
2 - 0% - 40%
Last Minute Offensive  - 0:00
Last Minute Defensive  - 0:28
Total
Forward - 60:00
Defense - 60:00

Play by Play

1st period


0:01 of 1st period - John Tavares wins face-off versus Steven Stamkos in neutral zone.
0:16 of 1st period - Shot by Max Pacioretty.
0:16 of 1st period - Shot Misses the Net.
0:22 of 1st period - Shot by Max Pacioretty.
0:22 of 1st period - Shot Misses the Net.
0:24 of 1st period - Shot by Roman Josi.
0:24 of 1st period - Stopped by Cam Talbot with a rebound.
0:26 of 1st period - Shot by Kevin Hayes.
0:26 of 1st period - Shot Misses the Net.
0:30 of 1st period - Shot by Steven Stamkos.
0:30 of 1st period - Deflect By Max Pacioretty.
0:30 of 1st period - Stopped by Cam Talbot with a rebound.
0:32 of 1st period - Shot by Steven Stamkos.
0:32 of 1st period - Shot Misses the Net.
0:40 of 1st period - Shot by Steven Stamkos.
0:40 of 1st period - Goal by Steven Stamkos - Canadiens : 0 - Predators : 1.
0:41 of 1st period - Vincent Trocheck wins face-off versus Auston Matthews in neutral zone.
1:37 of 1st period - Shot by Elias Lindholm.
1:37 of 1st period - Stopped by Cam Talbot without a rebound.
1:38 of 1st period - Chris Kelly wins face-off versus Mike Ribeiro in Canadiens zone.
1:38 of 1st period - Roman Josi is hit by Brayden McNabb and loses puck.
1:45 of 1st period - Shot by Anthony Duclair.
1:45 of 1st period - Shot Blocked by Brayden McNabb.
1:55 of 1st period - Shot by Josh Bailey.
1:55 of 1st period - Shot Misses the Net.
2:12 of 1st period - Icing by Nate Schmidt.
2:13 of 1st period - Elias Lindholm wins face-off versus Mike Ribeiro in Canadiens zone.
2:47 of 1st period - Icing by Jaden Schwartz.
2:48 of 1st period - Elias Lindholm wins face-off versus John Tavares in Predators zone.
3:26 of 1st period - Shot by Gustav Nyquist.
3:26 of 1st period - Shot Blocked by Kevin Hayes.
3:42 of 1st period - Shot by Nick Leddy.
3:42 of 1st period - Shot Misses the Net.
4:00 of 1st period - Shot by Jordan Eberle.
4:00 of 1st period - Stopped by Calvin Pickard without a rebound.
4:01 of 1st period - Vincent Trocheck wins face-off versus Nick Shore in Predators zone.
5:13 of 1st period - Shot by Chris Kelly.
5:13 of 1st period - Shot Misses the Net.
5:15 of 1st period - Shot by Anthony Duclair.
5:15 of 1st period - Deflect By Anton Slepyshev.
5:15 of 1st period - Shot Hit the Post.
5:33 of 1st period - Shot by Jaden Schwartz.
5:33 of 1st period - Stopped by Cam Talbot with a rebound.
6:19 of 1st period - Shot by John Tavares.
6:19 of 1st period - Shot Misses the Net.
6:31 of 1st period - Shot by Teuvo Teravainen.
6:31 of 1st period - Shot Misses the Net.
6:44 of 1st period - Icing by Ian Cole.
6:45 of 1st period - John Tavares wins face-off versus Vincent Trocheck in Canadiens zone.
6:45 of 1st period - John Tavares is hit by Vincent Trocheck.
7:16 of 1st period - Shot by Jordan Eberle.
7:16 of 1st period - Shot Misses the Net.
7:35 of 1st period - Shot by Auston Matthews.
7:35 of 1st period - Deflect By Jordan Eberle.
7:35 of 1st period - Goal by Jordan Eberle - Canadiens : 1 - Predators : 1.
7:36 of 1st period - Mike Ribeiro wins face-off versus Chris Kelly in neutral zone.
7:41 of 1st period - Shot by Artturi Lehkonen.
7:41 of 1st period - Deflect By Josh Bailey.
7:41 of 1st period - Stopped by Calvin Pickard without a rebound.
7:42 of 1st period - Mike Ribeiro wins face-off versus Steven Stamkos in Predators zone.
7:45 of 1st period - Shot by Josh Bailey.
7:45 of 1st period - Shot Misses the Net.
7:59 of 1st period - Shot by Steven Stamkos.
7:59 of 1st period - Stopped by Cam Talbot with a rebound.
8:01 of 1st period - Shot by Steven Stamkos.
8:01 of 1st period - Stopped by Cam Talbot with a rebound.
8:05 of 1st period - Shot by Steven Stamkos.
8:05 of 1st period - Shot Blocked by Adam Larsson.
8:09 of 1st period - Shot by Steven Stamkos.
8:09 of 1st period - Stopped by Cam Talbot without a rebound.
8:10 of 1st period - Colton Sissons wins face-off versus Auston Matthews in Canadiens zone.
8:33 of 1st period - Shot by Jakob Silfverberg.
8:33 of 1st period - Shot Misses the Net.
8:43 of 1st period - Shot by Jakob Silfverberg.
8:43 of 1st period - Stopped by Calvin Pickard without a rebound.
8:44 of 1st period - Steven Stamkos wins face-off versus John Tavares in Predators zone.
9:10 of 1st period - Shot by Teuvo Teravainen.
9:10 of 1st period - Shot Blocked by Nick Leddy.
9:16 of 1st period - Shot by Gustav Nyquist.
9:16 of 1st period - Stopped by Calvin Pickard without a rebound.
9:17 of 1st period - Vincent Trocheck wins face-off versus Mike Ribeiro in Predators zone.
9:35 of 1st period - Icing by Ian Cole.
9:36 of 1st period - Anton Slepyshev wins face-off versus Mike Ribeiro in Canadiens zone.
9:41 of 1st period - Shot by Anthony Duclair.
9:41 of 1st period - Stopped by Cam Talbot without a rebound.
9:42 of 1st period - Steven Stamkos wins face-off versus Auston Matthews in Canadiens zone.
10:32 of 1st period - Auston Matthews is hit by J.T. Miller and loses puck.
10:38 of 1st period - Icing by Jakob Silfverberg.
10:39 of 1st period - Elias Lindholm wins face-off versus Jakob Silfverberg in Canadiens zone.
10:39 of 1st period - Oscar Klefbom is hit by Brayden McNabb and loses puck.
11:27 of 1st period - Shot by Gustav Nyquist.
11:27 of 1st period - Shot Blocked by Oscar Klefbom.
11:35 of 1st period - Elias Lindholm is hit by Gustav Nyquist and loses puck.
11:53 of 1st period - Shot by Gustav Nyquist.
11:53 of 1st period - Shot Misses the Net.
12:28 of 1st period - Vladislav Namestnikov is hit by Adam Larsson.
13:04 of 1st period - Shot by Steven Stamkos.
13:04 of 1st period - Stopped by Cam Talbot without a rebound.
13:05 of 1st period - Zack Smith wins face-off versus Chris Kelly in Canadiens zone.
13:11 of 1st period - Off-side.
13:12 of 1st period - Max Pacioretty wins face-off versus Nick Shore in neutral zone.
13:24 of 1st period - Icing by Adam Larsson.
13:25 of 1st period - Chris Kelly wins face-off versus Nick Shore in Canadiens zone.
13:40 of 1st period - Shot by Zack Smith.
13:40 of 1st period - Shot Misses the Net.
13:42 of 1st period - Shot by Justin Abdelkader.
13:42 of 1st period - Shot Misses the Net.
13:58 of 1st period - Shot by Anthony Duclair.
13:58 of 1st period - Deflect By Anton Slepyshev.
13:58 of 1st period - Stopped by Cam Talbot with a rebound.
14:12 of 1st period - John Tavares is hit by Chris Kelly and loses puck.
14:16 of 1st period - Icing by Ivan Provorov.
14:17 of 1st period - Vincent Trocheck wins face-off versus John Tavares in Canadiens zone.
14:28 of 1st period - Shot by John Tavares.
14:28 of 1st period - Deflect By Teuvo Teravainen.
14:28 of 1st period - Stopped by Calvin Pickard with a rebound.
14:54 of 1st period - Shot by John Tavares.
14:54 of 1st period - Shot Misses the Net.
15:17 of 1st period - Shot by Max Pacioretty.
15:17 of 1st period - Stopped by Cam Talbot without a rebound.
15:18 of 1st period - Steven Stamkos wins face-off versus Mike Ribeiro in Canadiens zone.
15:25 of 1st period - Shot by Max Pacioretty.
15:25 of 1st period - Stopped by Cam Talbot without a rebound.
15:26 of 1st period - Auston Matthews wins face-off versus Steven Stamkos in Canadiens zone.
15:28 of 1st period - Icing by Jakob Silfverberg.
15:29 of 1st period - Steven Stamkos wins face-off versus Auston Matthews in Canadiens zone.
15:39 of 1st period - Shot by Kevin Hayes.
15:39 of 1st period - Stopped by Cam Talbot without a rebound.
15:40 of 1st period - John Tavares wins face-off versus Elias Lindholm in Canadiens zone.
15:57 of 1st period - Shot by Elias Lindholm.
15:57 of 1st period - Shot Misses the Net.
16:30 of 1st period - Kevin Hayes is hit by Ian Cole and loses puck.
16:35 of 1st period - Shot by Max Pacioretty.
16:35 of 1st period - Shot Misses the Net.
16:37 of 1st period - Shot by Max Pacioretty.
16:37 of 1st period - Deflect By Steven Stamkos.
16:37 of 1st period - Shot Misses the Net.
16:39 of 1st period - Shot by John Moore.
16:39 of 1st period - Stopped by Cam Talbot with a rebound.
16:44 of 1st period - Max Pacioretty is hit by Ian Cole and loses puck.
16:48 of 1st period - Steven Stamkos is hit by Ian Cole and loses puck.
17:08 of 1st period - Icing by Ivan Provorov.
17:09 of 1st period - John Tavares wins face-off versus Vincent Trocheck in Canadiens zone.
17:19 of 1st period - Roman Josi is hit by Ian Cole and loses puck.
17:32 of 1st period - Shot by J.T. Miller.
17:32 of 1st period - Stopped by Cam Talbot without a rebound.
17:33 of 1st period - Chris Kelly wins face-off versus Auston Matthews in Canadiens zone.
17:37 of 1st period - Anton Slepyshev is hit by Adam Larsson and loses puck.
19:31 of 1st period - Shot by Artturi Lehkonen.
19:31 of 1st period - Stopped by Calvin Pickard with a rebound.
Goals for this period are 1 for Canadiens vs 1 for Predators.
Shots for this period are 7 for Canadiens vs 16 for Predators.

2nd period


0:01 of 2nd period - Vincent Trocheck wins face-off versus Auston Matthews in neutral zone.
0:06 of 2nd period - Shot by Vincent Trocheck.
0:06 of 2nd period - Goal by Vincent Trocheck - Canadiens : 1 - Predators : 2.
0:07 of 2nd period - Steven Stamkos wins face-off versus Mike Ribeiro in neutral zone.
0:12 of 2nd period - Shot by Max Pacioretty.
0:12 of 2nd period - Stopped by Cam Talbot without a rebound.
0:13 of 2nd period - Jordan Eberle wins face-off versus Steven Stamkos in Canadiens zone.
1:23 of 2nd period - Connor Murphy is hit by Gustav Nyquist.
1:32 of 2nd period - Connor Murphy is hit by Adam Larsson.
1:44 of 2nd period - Shot by J.T. Miller.
1:44 of 2nd period - Stopped by Cam Talbot without a rebound.
1:45 of 2nd period - Mike Ribeiro wins face-off versus Elias Lindholm in Canadiens zone.
1:52 of 2nd period - Icing by Jordie Benn.
1:53 of 2nd period - Mike Ribeiro wins face-off versus Elias Lindholm in Predators zone.
2:11 of 2nd period - Icing by Brayden McNabb.
2:12 of 2nd period - Chris Kelly wins face-off versus Mike Ribeiro in Canadiens zone.
2:25 of 2nd period - Shot by Josh Bailey.
2:25 of 2nd period - Stopped by Calvin Pickard without a rebound.
2:26 of 2nd period - J.T. Miller wins face-off versus Auston Matthews in Predators zone.
2:41 of 2nd period - Jordan Eberle is hit by Oscar Klefbom and loses puck.
2:49 of 2nd period - Auston Matthews is hit by Oscar Klefbom and loses puck.
3:20 of 2nd period - Icing by Gustav Nyquist.
3:21 of 2nd period - Steven Stamkos wins face-off versus John Tavares in Canadiens zone.
3:26 of 2nd period - Shot by Steven Stamkos.
3:26 of 2nd period - Shot Misses the Net.
3:38 of 2nd period - Shot by John Tavares.
3:38 of 2nd period - Stopped by Calvin Pickard without a rebound.
3:39 of 2nd period - Colton Sissons wins face-off versus Artturi Lehkonen in Predators zone.
3:55 of 2nd period - Shot by Artturi Lehkonen.
3:55 of 2nd period - Shot Misses the Net.
3:57 of 2nd period - Shot by Nate Schmidt.
3:57 of 2nd period - Stopped by Calvin Pickard without a rebound.
3:58 of 2nd period - Steven Stamkos wins face-off versus John Tavares in Predators zone.
4:00 of 2nd period - Icing by Nick Leddy.
4:01 of 2nd period - Kevin Hayes wins face-off versus John Tavares in Predators zone.
4:12 of 2nd period - Shot by John Tavares.
4:12 of 2nd period - Stopped by Calvin Pickard without a rebound.
4:13 of 2nd period - Elias Lindholm wins face-off versus Auston Matthews in Predators zone.
4:18 of 2nd period - Shot by Jaden Schwartz.
4:18 of 2nd period - Deflect By Elias Lindholm.
4:18 of 2nd period - Stopped by Cam Talbot without a rebound.
4:19 of 2nd period - Elias Lindholm wins face-off versus Auston Matthews in Canadiens zone.
4:36 of 2nd period - Shot by Jaden Schwartz.
4:36 of 2nd period - Stopped by Cam Talbot with a rebound.
4:38 of 2nd period - Shot by Elias Lindholm.
4:38 of 2nd period - Shot Blocked by Ivan Provorov.
5:47 of 2nd period - Shot by Steven Stamkos.
5:47 of 2nd period - Shot Misses the Net.
5:49 of 2nd period - Shot by Jordie Benn.
5:49 of 2nd period - Stopped by Cam Talbot without a rebound.
5:50 of 2nd period - Mike Ribeiro wins face-off versus Vincent Trocheck in Canadiens zone.
8:14 of 2nd period - Shot by Jordan Eberle.
8:14 of 2nd period - Stopped by Calvin Pickard without a rebound.
8:15 of 2nd period - Elias Lindholm wins face-off versus Nick Shore in Predators zone.
8:20 of 2nd period - Zack Smith is hit by Colton Sissons and loses puck.
8:33 of 2nd period - Shot by Zack Smith.
8:33 of 2nd period - Shot Misses the Net.
8:35 of 2nd period - Shot by Nick Shore.
8:35 of 2nd period - Stopped by Calvin Pickard without a rebound.
8:36 of 2nd period - Auston Matthews wins face-off versus Steven Stamkos in Predators zone.
8:37 of 2nd period - Shot by Jakob Silfverberg.
8:37 of 2nd period - Shot Misses the Net.
9:46 of 2nd period - Icing by Ivan Provorov.
9:47 of 2nd period - Elias Lindholm wins face-off versus Auston Matthews in Canadiens zone.
9:52 of 2nd period - Shot by Jaden Schwartz.
9:52 of 2nd period - Stopped by Cam Talbot with a rebound.
10:24 of 2nd period - Minor Penalty to Elias Lindholm for Holding.
10:25 of 2nd period - John Tavares wins face-off versus Jaden Schwartz in Predators zone.
10:44 of 2nd period - Shot by Artturi Lehkonen.
10:44 of 2nd period - Stopped by Calvin Pickard without a rebound.
10:45 of 2nd period - John Tavares wins face-off versus Jaden Schwartz in Predators zone.
10:46 of 2nd period - Shot by Gustav Nyquist.
10:46 of 2nd period - Stopped by Calvin Pickard with a rebound.
10:55 of 2nd period - Icing by John Tavares.
10:56 of 2nd period - John Tavares wins face-off versus Jaden Schwartz in Canadiens zone.
11:07 of 2nd period - Roman Josi is hit by Artturi Lehkonen and loses puck.
11:31 of 2nd period - Icing by Ivan Provorov.
11:32 of 2nd period - Mike Ribeiro wins face-off versus Jaden Schwartz in Canadiens zone.
11:53 of 2nd period - Shot by Jordan Eberle.
11:53 of 2nd period - Shot Misses the Net.
11:55 of 2nd period - Shot by Ivan Provorov.
11:55 of 2nd period - Stopped by Calvin Pickard without a rebound.
11:56 of 2nd period - John Tavares wins face-off versus Vincent Trocheck in Predators zone.
12:09 of 2nd period - Shot by John Tavares.
12:09 of 2nd period - Stopped by Calvin Pickard without a rebound.
12:10 of 2nd period - Jaden Schwartz wins face-off versus John Tavares in Predators zone.
12:27 of 2nd period - Shot by Cam Fowler.
12:27 of 2nd period - Stopped by Calvin Pickard without a rebound.
12:28 of 2nd period - Mike Ribeiro wins face-off versus Vincent Trocheck in Predators zone.
12:31 of 2nd period - Shot by Mike Ribeiro.
12:31 of 2nd period - Goal by Mike Ribeiro - Canadiens : 2 - Predators : 2.
12:32 of 2nd period - Vincent Trocheck wins face-off versus Mike Ribeiro in neutral zone.
13:01 of 2nd period - Minor Penalty to Connor Murphy for Tripping.
13:02 of 2nd period - Jaden Schwartz wins face-off versus John Tavares in Predators zone.
14:13 of 2nd period - Shot by Jakob Silfverberg.
14:13 of 2nd period - Stopped by Calvin Pickard without a rebound.
14:14 of 2nd period - John Tavares wins face-off versus Jaden Schwartz in Predators zone.
14:23 of 2nd period - Shot by Ivan Provorov.
14:23 of 2nd period - Shot Misses the Net.
14:25 of 2nd period - Shot by Cam Fowler.
14:25 of 2nd period - Shot Misses the Net.
14:43 of 2nd period - Shot by Auston Matthews.
14:43 of 2nd period - Stopped by Calvin Pickard without a rebound.
14:44 of 2nd period - Mike Ribeiro wins face-off versus Jaden Schwartz in Predators zone.
15:19 of 2nd period - Shot by Vincent Trocheck.
15:19 of 2nd period - Stopped by Cam Talbot with a rebound.
15:39 of 2nd period - Icing by Vincent Trocheck.
15:40 of 2nd period - Mike Ribeiro wins face-off versus Vincent Trocheck in Predators zone.
15:52 of 2nd period - Mike Ribeiro is hit by Connor Murphy and loses puck.
16:02 of 2nd period - J.T. Miller is hit by Ian Cole and loses puck.
16:10 of 2nd period - Icing by Ivan Provorov.
16:11 of 2nd period - Steven Stamkos wins face-off versus Mike Ribeiro in Canadiens zone.
16:20 of 2nd period - Shot by Steven Stamkos.
16:20 of 2nd period - Stopped by Cam Talbot without a rebound.
16:21 of 2nd period - Elias Lindholm wins face-off versus John Tavares in Canadiens zone.
16:26 of 2nd period - Shot by Jaden Schwartz.
16:26 of 2nd period - Shot Misses the Net.
16:28 of 2nd period - Shot by Roman Josi.
16:28 of 2nd period - Shot Blocked by Cam Fowler.
16:40 of 2nd period - Shot by Elias Lindholm.
16:40 of 2nd period - Shot Blocked by Adam Larsson.
16:44 of 2nd period - Shot by Jaden Schwartz.
16:44 of 2nd period - Shot Blocked by Cam Fowler.
16:46 of 2nd period - Shot by Oscar Klefbom.
16:46 of 2nd period - Shot Hit the Post.
16:59 of 2nd period - Minor Penalty to Adam Larsson for High sticking.
17:00 of 2nd period - Vincent Trocheck wins face-off versus Zack Smith in Canadiens zone.
17:08 of 2nd period - Icing by Max Pacioretty.
17:09 of 2nd period - Vincent Trocheck wins face-off versus Zack Smith in Predators zone.
17:23 of 2nd period - Shot by Zack Smith.
17:23 of 2nd period - Stopped by Calvin Pickard with a rebound.
17:31 of 2nd period - Shot by Josh Bailey.
17:31 of 2nd period - Deflect By Zack Smith.
17:31 of 2nd period - Stopped by Calvin Pickard without a rebound.
17:32 of 2nd period - Steven Stamkos wins face-off versus Zack Smith in Predators zone.
17:59 of 2nd period - Shot by Oscar Klefbom.
17:59 of 2nd period - Goal by Oscar Klefbom - Canadiens : 2 - Predators : 3.
18:00 of 2nd period - John Tavares wins face-off versus Anthony Duclair in neutral zone.
18:05 of 2nd period - Icing by John Moore.
18:06 of 2nd period - Chris Kelly wins face-off versus John Tavares in Predators zone.
18:14 of 2nd period - Icing by Ian Cole.
18:15 of 2nd period - Steven Stamkos wins face-off versus John Tavares in Canadiens zone.
18:44 of 2nd period - Ivan Provorov is hit by Max Pacioretty and loses puck.
19:04 of 2nd period - Icing by Ian Cole.
19:05 of 2nd period - John Tavares wins face-off versus Vincent Trocheck in Canadiens zone.
Goals for this period are 1 for Canadiens vs 2 for Predators.
Shots for this period are 16 for Canadiens vs 10 for Predators.

3rd period


0:01 of 3rd period - Auston Matthews wins face-off versus Kevin Hayes in neutral zone.
0:05 of 3rd period - Off-side.
0:06 of 3rd period - Steven Stamkos wins face-off versus Jordan Eberle in neutral zone.
0:56 of 3rd period - Cam Fowler is hit by Jaden Schwartz and loses puck.
1:37 of 3rd period - Off-side.
1:38 of 3rd period - Vladislav Namestnikov wins face-off versus Mike Ribeiro in neutral zone.
1:54 of 3rd period - Shot by Artturi Lehkonen.
1:54 of 3rd period - Goal by Artturi Lehkonen - Canadiens : 3 - Predators : 3.
1:55 of 3rd period - John Tavares wins face-off versus Chris Kelly in neutral zone.
1:58 of 3rd period - Roman Josi is hit by Ian Cole and loses puck.
2:10 of 3rd period - Icing by Ian Cole.
2:11 of 3rd period - Steven Stamkos wins face-off versus John Tavares in Canadiens zone.
2:16 of 3rd period - Shot by Max Pacioretty.
2:16 of 3rd period - Deflect By Steven Stamkos.
2:16 of 3rd period - Shot Misses the Net.
2:18 of 3rd period - Shot by Max Pacioretty.
2:18 of 3rd period - Goal by Max Pacioretty - Canadiens : 3 - Predators : 4.
2:19 of 3rd period - Steven Stamkos wins face-off versus Mike Ribeiro in neutral zone.
3:09 of 3rd period - Shot by Auston Matthews.
3:09 of 3rd period - Shot Misses the Net.
3:11 of 3rd period - Shot by Adam Larsson.
3:11 of 3rd period - Stopped by Calvin Pickard without a rebound.
3:12 of 3rd period - John Tavares wins face-off versus Vincent Trocheck in Predators zone.
3:30 of 3rd period - Teuvo Teravainen is hit by Connor Murphy and loses puck.
3:47 of 3rd period - Shot by Gustav Nyquist.
3:47 of 3rd period - Stopped by Calvin Pickard without a rebound.
3:48 of 3rd period - Jordan Eberle wins face-off versus Colton Sissons in Predators zone.
4:09 of 3rd period - Shot by Jakob Silfverberg.
4:09 of 3rd period - Shot Misses the Net.
4:11 of 3rd period - Shot by Jordan Eberle.
4:11 of 3rd period - Stopped by Calvin Pickard without a rebound.
4:12 of 3rd period - Chris Kelly wins face-off versus Mike Ribeiro in Predators zone.
4:12 of 3rd period - Chris Kelly is hit by Josh Bailey.
4:39 of 3rd period - Off-side.
4:40 of 3rd period - Auston Matthews wins face-off versus Steven Stamkos in neutral zone.
4:54 of 3rd period - Shot by Auston Matthews.
4:54 of 3rd period - Shot Blocked by Connor Murphy.
4:56 of 3rd period - Shot by Adam Larsson.
4:56 of 3rd period - Stopped by Calvin Pickard without a rebound.
4:57 of 3rd period - Elias Lindholm wins face-off versus John Tavares in Predators zone.
5:12 of 3rd period - Shot by John Tavares.
5:12 of 3rd period - Shot Misses the Net.
5:26 of 3rd period - Shot by Teuvo Teravainen.
5:26 of 3rd period - Stopped by Calvin Pickard without a rebound.
5:27 of 3rd period - Auston Matthews wins face-off versus Steven Stamkos in Predators zone.
5:52 of 3rd period - Shot by Steven Stamkos.
5:52 of 3rd period - Shot Blocked by Adam Larsson.
6:16 of 3rd period - Shot by Vladislav Namestnikov.
6:16 of 3rd period - Shot Misses the Net.
6:18 of 3rd period - Shot by John Moore.
6:18 of 3rd period - Shot Blocked by Cam Fowler.
6:20 of 3rd period - Shot by John Moore.
6:20 of 3rd period - Stopped by Cam Talbot without a rebound.
6:21 of 3rd period - Elias Lindholm wins face-off versus John Tavares in Canadiens zone.
6:24 of 3rd period - Shot by Elias Lindholm.
6:24 of 3rd period - Stopped by Cam Talbot without a rebound.
6:25 of 3rd period - Vincent Trocheck wins face-off versus John Tavares in Canadiens zone.
6:27 of 3rd period - J.T. Miller is hit by Ian Cole and loses puck.
6:48 of 3rd period - Shot by John Tavares.
6:48 of 3rd period - Shot Blocked by Roman Josi.
6:58 of 3rd period - Shot by John Tavares.
6:58 of 3rd period - Shot Misses the Net.
7:00 of 3rd period - Shot by Ivan Provorov.
7:00 of 3rd period - Stopped by Calvin Pickard without a rebound.
7:01 of 3rd period - Elias Lindholm wins face-off versus Mike Ribeiro in Predators zone.
7:23 of 3rd period - Mike Ribeiro is hit by Connor Murphy and loses puck.
7:37 of 3rd period - Artturi Lehkonen is hit by Connor Murphy and loses puck.
8:44 of 3rd period - Shot by John Tavares.
8:44 of 3rd period - Stopped by Calvin Pickard with a rebound.
8:47 of 3rd period - Icing by Oscar Klefbom.
8:48 of 3rd period - Zack Smith wins face-off versus Max Pacioretty in Predators zone.
8:54 of 3rd period - Minor Penalty to Max Pacioretty for Tripping.
8:55 of 3rd period - John Tavares wins face-off versus Steven Stamkos in Predators zone.
8:58 of 3rd period - Shot by Gustav Nyquist.
8:58 of 3rd period - Stopped by Calvin Pickard without a rebound.
8:59 of 3rd period - Chris Kelly wins face-off versus John Tavares in Predators zone.
9:29 of 3rd period - Shot by Auston Matthews.
9:29 of 3rd period - Deflect By John Tavares.
9:29 of 3rd period - Shot Misses the Net.
9:31 of 3rd period - Shot by Auston Matthews.
9:31 of 3rd period - Shot Misses the Net.
9:57 of 3rd period - Shot by Cam Fowler.
9:57 of 3rd period - Shot Blocked by Nick Leddy.
9:59 of 3rd period - Shot by Ivan Provorov.
9:59 of 3rd period - Shot Blocked by Nick Leddy.
10:01 of 3rd period - Shot by Cam Fowler.
10:01 of 3rd period - Deflect By Jakob Silfverberg.
10:01 of 3rd period - Shot Misses the Net.
10:03 of 3rd period - Shot by Cam Fowler.
10:03 of 3rd period - Stopped by Calvin Pickard without a rebound.
10:04 of 3rd period - Mike Ribeiro wins face-off versus Chris Kelly in Predators zone.
10:13 of 3rd period - Shot by Jakob Silfverberg.
10:13 of 3rd period - Shot Misses the Net.
10:15 of 3rd period - Shot by Jakob Silfverberg.
10:15 of 3rd period - Deflect By Mike Ribeiro.
10:15 of 3rd period - Stopped by Calvin Pickard with a rebound.
10:17 of 3rd period - Shot by Jakob Silfverberg.
10:17 of 3rd period - Stopped by Calvin Pickard without a rebound.
10:18 of 3rd period - Jaden Schwartz wins face-off versus John Tavares in Predators zone.
10:34 of 3rd period - Icing by Adam Larsson.
10:35 of 3rd period - Jaden Schwartz wins face-off versus John Tavares in Canadiens zone.
10:44 of 3rd period - Adam Larsson is hit by Jaden Schwartz.
12:17 of 3rd period - Shot by John Moore.
12:17 of 3rd period - Shot Misses the Net.
13:03 of 3rd period - Kevin Hayes is hit by Gustav Nyquist and loses puck.
13:26 of 3rd period - Shot by Auston Matthews.
13:26 of 3rd period - Shot Blocked by Nick Leddy.
13:28 of 3rd period - Shot by Auston Matthews.
13:28 of 3rd period - Stopped by Calvin Pickard without a rebound.
13:29 of 3rd period - Elias Lindholm wins face-off versus Nick Shore in Predators zone.
13:40 of 3rd period - Colton Sissons is hit by Ian Cole.
13:51 of 3rd period - Icing by Ian Cole.
13:52 of 3rd period - Zack Smith wins face-off versus Chris Kelly in Canadiens zone.
13:52 of 3rd period - Zack Smith is hit by Anton Slepyshev.
14:05 of 3rd period - Nick Shore is hit by Anton Slepyshev.
15:20 of 3rd period - Shot by Auston Matthews.
15:20 of 3rd period - Shot Misses the Net.
15:22 of 3rd period - Shot by Adam Larsson.
15:22 of 3rd period - Stopped by Calvin Pickard without a rebound.
15:23 of 3rd period - Steven Stamkos wins face-off versus Mike Ribeiro in Predators zone.
15:48 of 3rd period - Shot by Steven Stamkos.
15:48 of 3rd period - Stopped by Cam Talbot without a rebound.
15:49 of 3rd period - Vincent Trocheck wins face-off versus Auston Matthews in Canadiens zone.
15:54 of 3rd period - Shot by Vladislav Namestnikov.
15:54 of 3rd period - Stopped by Cam Talbot without a rebound.
15:55 of 3rd period - Vincent Trocheck wins face-off versus Auston Matthews in Canadiens zone.
16:08 of 3rd period - Shot by J.T. Miller.
16:08 of 3rd period - Stopped by Cam Talbot without a rebound.
16:09 of 3rd period - John Tavares wins face-off versus Steven Stamkos in Canadiens zone.
16:19 of 3rd period - Roman Josi is hit by John Tavares and loses puck.
16:25 of 3rd period - Kevin Hayes is hit by Adam Larsson and loses puck.
17:39 of 3rd period - Shot by Jakob Silfverberg.
17:39 of 3rd period - Shot Misses the Net.
18:16 of 3rd period - Shot by Artturi Lehkonen.
18:16 of 3rd period - Stopped by Calvin Pickard with a rebound.
18:18 of 3rd period - Shot by Mike Ribeiro.
18:18 of 3rd period - Stopped by Calvin Pickard without a rebound.
18:19 of 3rd period - Nick Shore wins face-off versus Chris Kelly in Predators zone.
18:19 of 3rd period - Zack Smith is hit by Roman Josi and loses puck.
18:40 of 3rd period - Canadiens, Cam Talbot is pulled from the net.
18:47 of 3rd period - Off-side.
18:48 of 3rd period - John Tavares wins face-off versus Steven Stamkos in neutral zone.
19:04 of 3rd period - John Tavares is hit by John Moore and loses puck.
19:23 of 3rd period - Shot by Teuvo Teravainen.
19:23 of 3rd period - Shot Misses the Net.
19:46 of 3rd period - Icing by Oscar Klefbom.
19:47 of 3rd period - Vincent Trocheck wins face-off versus John Tavares in Predators zone.
Goals for this period are 1 for Canadiens vs 1 for Predators.
Shots for this period are 16 for Canadiens vs 6 for Predators.